 Dungeon Crawl Stone Soup version 0.20.0-10-g0535bb4 (webtiles) character file.

0 Manul the Ducker (level 1, -22/11 HPs)
             Began as a Spriggan Abyssal Knight on June 4, 2017.
             Was a Follower of Lugonu.
             Killed from afar by an efreet (25 damage)
             ... with a bolt of fire
             ... on level 4 of the Abyss.
             The game lasted 00:02:03 (447 turns).

Manul the Ducker (Spriggan Abyssal Knight)           Turns: 447, Time: 00:02:03

Health: -22/11     AC:  3    Str:  8    XL:     1   Next: 0%
Magic:  3/3        EV: 18    Int: 13    God:    Lugonu [*.....]
Gold:   202        SH:  0    Dex: 15    Spells: 0/0 levels left

rFire    . . .     SeeInvis +   a - +1 short sword
rCold    . . .     Gourm    .   (shield restricted)
rNeg     . . .     Faith    .   b - +1 robe
rPois    .         Spirit   .   (helmet restricted)
rElec    .         Reflect  .   (no cloak)
rCorr    .         Harm     .   (gloves unavailable)
MR       .....                  (boots unavailable)
Stlth    +.........             (no amulet)
Regen    0.1/turn               (no ring)
MPRegen  0.1/turn               (no ring)

@: very quick
A: unfitting armour, see invisible, herbivore 3, speed 3, slow metabolism 2
a: Depart the Abyss, Renounce Religion


You were on level 4 of the Abyss.
You worshipped Lugonu.
Lugonu was aware of your devotion.
You were not hungry.

You visited 0 branches of the dungeon, and saw 0 of its levels.
You visited the Abyss 1 time.

You collected 202 gold pieces.

Inventory:

Hand Weapons
 a - a +1 short sword (weapon)
 d - a +0 hand crossbow
Armour
 b - a +1 robe (worn)
Potions
 e - a potion of curing {unknown}
Comestibles
 c - a bread ration


   Skills:
 + Level 2.4 Fighting
 + Level 2.1 Short Blades
 + Level 3.5 Dodging
 + Level 1.7 Invocations


You couldn't memorise any spells.
You didn't know any spells.

Dungeon Overview and Level Annotations

Branches:
Dungeon (0/15)

Altars:


Innate Abilities, Weirdness & Mutations

You are very small and have problems with some larger weapons.
You are too small for most types of armour.
You have supernaturally acute eyesight. (SInv)
You are a herbivore.
You cover ground extremely quickly.
You need consume almost no food.


Message History

A thrashing horror comes into view.
A spatial vortex comes into view.
A wretched star comes into view.
A shock serpent skeleton comes into view.
A spatial vortex comes into view.
The spatial vortex moves out of view.
The wretched star glows turbulently.
The orb of energy misses you. The shock serpent skeleton bites you!
Ouch! That really hurt!
* * * LOW HITPOINT WARNING * * *
A large abomination comes into view.
The wretched star pulses with an eldritch light!
A large abomination comes into view.
An efreet comes into view. It is wielding a scimitar of flaming.
Found a flail.
The efreet gestures at you. The bolt of fire hits you!
Ouch! That really hurt!
You die...

######. .######...## ..
...#..##....) ..#.# .#.
#....#....# #....§.###
#.#....#....## ...#... .
.......#.Z#...#. . # .#
#..#..###.##.#. #.# #
##..#R..#.##.....# #
#...#....#§..#Z#...#####
#....@.#.§##......#.#.
.......##.##§#.#... #...
..#.... ..#.§#X###. #..
....#.. ## #....##X*..#
#..###. #...# .#.... #.#
.. §.§§ .# # .#### .# ..
§## .. #. .. . #. . .#
...# #


You could see an efreet and a shock serpent skeleton.

Vanquished Creatures (others)
  2 starspawn tentacles (Abyss:1)
2 creatures vanquished.

Notes
Turn   | Place    | Note
-------+----------+-------------------------------------------
     0 | Abyss:1  | Manul the Spriggan Abyssal Knight began the quest for the Orb.
     0 | Abyss:1  | Reached XP level 1. HP: 11/11 MP: 3/3
    49 | Abyss:1  | Noticed a red very ugly thing
    54 | Abyss:1  | Noticed a tentacled starspawn
    94 | Abyss:1  | Noticed a vampire mage
   118 | Abyss:1  | Noticed a chaos spawn
   123 | Abyss:1  | Noticed a four-headed hydra skeleton
   128 | Abyss:1  | Noticed a small abomination
   129 | Abyss:1  | Noticed a tentacled starspawn
   144 | Abyss:1  | Noticed a chaos spawn
   169 | Abyss:1  | Noticed an iron imp
   187 | Abyss:2  | Found a corrupted altar of Lugonu.
   205 | Abyss:2  | Found a corrupted altar of Lugonu.
   249 | Abyss:2  | Noticed a hell hog
   249 | Abyss:2  | Noticed a hell hog
   252 | Abyss:3  | Found a corrupted altar of Lugonu.
   303 | Abyss:4  | Noticed a killer bee
   315 | Abyss:4  | Noticed a raiju
   315 | Abyss:4  | Noticed a smoke demon
   315 | Abyss:4  | Noticed a large abomination
   315 | Abyss:4  | Noticed a large abomination
   382 | Abyss:4  | Noticed a starcursed mass
   398 | Abyss:4  | Noticed a worldbinder
   399 | Abyss:4  | Noticed a thrashing horror
   411 | Abyss:4  | Noticed a spatial vortex
   413 | Abyss:4  | Noticed a wretched star
   415 | Abyss:4  | Noticed a shock serpent skeleton
   415 | Abyss:4  | Noticed a spatial vortex
   421 | Abyss:4  | Noticed a large abomination
   431 | Abyss:4  | Noticed a large abomination
   432 | Abyss:4  | Noticed an efreet
   447 | Abyss:4  | Killed from afar by an efreet

Action                   || total
-------------------------++-------
  Use: Scroll            ||     3
Dodge: Dodged            ||     3
